 Dungeon Crawl Stone Soup version 0.26-a0-1222-g14533b3512 (webtiles) character file.

Game seed: 388540586228343620

1087 sanka the Nimble (level 8, -2/39 HPs)
             Began as a Spriggan Abyssal Knight on Dec 31, 2020.
             Was a Priest of Lugonu.
             Slain by an ogre
             ... wielding a +0 giant club
              (23 damage)
             ... on level 5 of the Dungeon.
             The game lasted 00:07:03 (5614 turns).

sanka the Nimble (Spriggan Abyssal Knight)          Turns: 5614, Time: 00:07:03

Health: -2/39      AC:  2    Str:  8    XL:     8   Next: 9%
Magic:  10/10      EV: 26    Int: 20    God:    Lugonu [***...]
Gold:   306        SH:  0    Dex: 17    Spells: 7/7 levels left

rFire    . . .     SeeInvis +   a - +1 short sword (distort)
rCold    . . .     Faith    .   (shield restricted)
rNeg     . . .     Spirit   .   b - +0 robe
rPois    .         Reflect  .   (helmet restricted)
rElec    .         Harm     .   (no cloak)
rCorr    .         Rampage  .   (gloves unavailable)
Will     +....                  (boots unavailable)
Stlth    ++........             (no amulet)
HPRegen  0.13/turn              (no ring)
MPRegen  0.12/turn              w - +6 ring of intelligence

@: very quick
A: very small, unfitting armour, see invisible, speed 3
a: Renounce Religion, Depart the Abyss, Bend Space, Banish


You were on level 5 of the Dungeon.
You worshipped Lugonu.
Lugonu was most pleased with you.
You visited 1 branch of the dungeon, and saw 6 of its levels.
You visited the Abyss 1 time.

You collected 306 gold pieces.


Innate Abilities, Weirdness & Mutations

You are very small and have problems with some larger weapons.
You are too small for most types of armour.
You have supernaturally acute eyesight. (SInv)
You cover ground extremely quickly.


   Skills:
 + Level 2.4 Fighting
 + Level 7.6 Short Blades
 + Level 10.1 Dodging
 + Level 1.7 Invocations


You had 7 spell levels left.
You didn't know any spells.
Your spell library contained the following spells:

 Spells                   Type           Power        Failure   Level
 Animate Skeleton         Necr           0%           19%         1
 Apportation              Tloc           0%           19%         1
 Corona                   Hex            0%           19%         1
 Pain                     Necr           0%           19%         1
 Summon Small Mammal      Summ           0%           19%         1
 Call Imp                 Summ           0%           28%         2
 Call Canine Familiar     Summ           0%           50%         3
 Summon Guardian Golem    Hex/Summ       0%           50%         3
 Vampiric Draining        Necr           0%           50%         3
 Animate Dead             Necr           0%           88%         4
 Summon Ice Beast         Ice/Summ       0%           88%         4
 Summon Lightning Spire   Summ/Air       0%           88%         4
 Agony                    Necr           0%           99%         5

Inventory:

Hand Weapons
 a - a +1 short sword of distortion (weapon)
 l - a +1 short sword
Armour
 b - a +0 robe (worn)
Jewellery
 w - a +6 ring of intelligence (right hand)
Scrolls
 c - 3 scrolls of remove curse {unknown}
 d - a scroll of enchant armour {unknown}
 f - 2 scrolls of amnesia {unknown}
 g - 2 scrolls of immolation {unknown}
 i - 8 scrolls of teleportation {unknown}
 o - 9 scrolls of identify {unknown}
 q - 2 scrolls of fear {unknown}
 r - 2 scrolls of magic mapping {unknown}
 t - a scroll of noise {unknown}
 u - a scroll of random uselessness {unknown}
 v - a scroll of enchant weapon {unknown}
Potions
 e - 5 potions of mutation {unknown}
 h - 7 potions of curing {unknown}
 j - 2 potions of might {unknown}
 k - a potion of brilliance {unknown}
 m - a potion of attraction {unknown}
 n - a potion of heal wounds {unknown}
 p - a potion of flight {unknown}
 s - a potion of degeneration {unknown}

Dungeon Overview and Level Annotations

Branches:
Dungeon (6/15)
 Temple: D:4-7

Altars:
Qazlal
Vehumet

Shops:
D:5

* .....▒ .....▒
.....▒▒▒▒▒▒▒▒
.....'....>..
.....▒▒▒▒▒▒▒▒
▒▒▒ .....▒ ▒..
▒▒...▒ ▒.▒
▒...▒▒ ▒O▒
▒....▒▒▒▒▒▒ ▒i▒
▒▒........▒ ▒.▒
▒......(.▒ ▒#▒
▒........▒▒▒▒▒.▒
▒....(.........▒
▒...▒▒▒.▒▒▒▒▒▒▒▒
▒...▒ ▒.▒
▒▒▒▒▒▒▒.▒ ▒▒
▒.....▒


You could see an ogre.


Message History

Found a robe.
You see here a robe.
Found a scroll labelled SEYSUFYXTU.
Found a stone staircase leading up.
There is a stone staircase leading up here.
o - 9 scrolls labelled SEYSUFYXTU (gained 1)
You see here a flail.
You see here a flail.
An ogre comes into view. It is wielding a +0 giant club.
An ogre is nearby!
The helpless ogre fails to defend itself.
You puncture the ogre!
The ogre is severely wounded.
The ogre blinks!
You hit the ogre.
The ogre is almost dead.
The ogre blinks!
The ogre hits you with a +0 giant club!!
You hit the ogre but do no damage.
Space bends around the ogre.
The ogre is almost dead.
You barely miss the ogre.
The ogre is almost dead.
The ogre completely misses you.
You hit the ogre but do no damage.
The ogre is almost dead.
The ogre blinks!
The ogre hits you with a +0 giant club!!
Ouch! That really hurt!
You die...

Action                   |  1- 3 |  4- 6 |  7- 9 || total
-------------------------+-------+-------+-------++-------
Melee: Short sword       |   117 |    95 |    74 ||   286
Invok: Depart the Abyss  |     1 |       |       ||     1
 Stab: Sleeping          |     1 |     3 |     1 ||     5
Armor: Robe              |     4 |    10 |     1 ||    15
Dodge: Dodged            |    78 |    55 |    41 ||   174

Levels and vault maps discovered:
D:1:      dpeg_arrival_rooms_a, layout_loops_ring
D:2:      layout_loops_corners, fiery_altar_vehumet, uniq_jessica
D:3:      layout_basic, overflow_temple_1_default, lemuel_coloured_pillars_altar
D:4:      layout_basic, minmay_starry_boxes, uniq_duvessa, uniq_blork_the_orc
D:5:      layout_basic, nicolae_elemental_shop, roderic_roman_lattice
D:6:      wander_river, layout_basic, minmay_temple_entry_enclosed_plants

Notes
Turn   | Place    | Note
-------+----------+-------------------------------------------
     0 | Abyss:1  | sanka the Spriggan Abyssal Knight began the quest for the
                  | Orb.
     0 | Abyss:1  | Reached XP level 1. HP: 11/11 MP: 3/3
     1 | Abyss:1  | Found a roughly hewn altar of Beogh.
    70 | Abyss:1  | Noticed an insubstantial wisp
    78 | Abyss:1  | Noticed a starcursed mass
    81 | D:1      | Escaped the Abyss
   865 | D:1      | Reached skill level 4 in Dodging
   868 | D:1      | Reached XP level 2. HP: 14/16 MP: 4/4
   941 | D:1      | Reached * piety under Lugonu
  1026 | D:1      | Reached skill level 3 in Short Blades
  1437 | D:2      | Reached XP level 3. HP: 15/19 MP: 5/5
  2077 | D:2      | Reached skill level 5 in Dodging
  2195 | D:2      | Noticed Jessica
  2217 | D:2      | Killed Jessica
  2218 | D:2      | Reached XP level 4. HP: 22/23 MP: 6/6
  2536 | D:2      | Found a radiant altar of Vehumet.
  2542 | D:2      | Reached skill level 4 in Short Blades
  2678 | D:2      | Reached ** piety under Lugonu
  2886 | D:3      | Found a stormy altar of Qazlal.
  3069 | D:6      | Reached skill level 6 in Dodging
  3134 | D:5      | Entered Level 5 of the Dungeon
  3144 | D:5      | Reached XP level 5. HP: 11/27 MP: 7/7
  3759 | D:5      | Found Pabron's Elemental Accessories.
  3772 | D:5      | Reached skill level 5 in Short Blades
  3818 | D:5      | Reached skill level 7 in Dodging
  3818 | D:5      | Reached XP level 6. HP: 32/32 MP: 8/8
  4040 | D:4      | Reached skill level 8 in Dodging
  4290 | D:4      | Reached skill level 6 in Short Blades
  4290 | D:4      | Reached XP level 7. HP: 35/35 MP: 9/9
  4339 | D:4      | Noticed Blork the orc
  4421 | D:4      | Killed Blork the orc
  4576 | D:4      | Reached skill level 9 in Dodging
  4673 | D:4      | Noticed Duvessa
  4673 | D:4      | Noticed Dowan
  4685 | D:4      | Killed Dowan
  4687 | D:4      | Killed Duvessa
  4688 | D:4      | Reached skill level 7 in Short Blades
  5015 | D:4      | Reached XP level 8. HP: 39/39 MP: 10/10
  5021 | D:4      | Reached *** piety under Lugonu
  5022 | D:4      | Reached skill level 10 in Dodging
  5614 | D:5      | Slain by an ogre

Vanquished Creatures
  Duvessa (D:4)
  3 ogres (D:4)
  A phantom (D:4)
  Blork the orc (D:4)
  2 scorpions
  Dowan (D:4)
  2 hounds
  A jelly (D:5)
  Jessica (D:2)
  An orc wizard (D:4)
  2 worker ants (D:4)
  A hound skeleton (D:5)
  A worker ant zombie (D:5)
  3 gnolls (D:2)
  3 adders
  An ooze (D:1)
  An adder skeleton (D:6)
  2 worms (D:2)
  2 dart slugs (D:2)
  3 leopard geckos
  4 orcs
  2 giant cockroaches
  7 hobgoblins
  3 jackals (D:1)
  A quokka (D:4)
  2 ball pythons
  6 bats
  5 frilled lizards
  6 goblins
  A jackal zombie (D:5)
  3 kobolds
  A leopard gecko skeleton (D:4)
  8 rats
82 creatures vanquished.

Vanquished Creatures (others)
  A rat (D:2)
1 creature vanquished.

Grand Total: 83 creatures vanquished
